AoeStats
← cisi1982

Arabian Desert

509302573Analyzed
1v1 RM · 6d ago on Sep 26, 2026· 26m 20s· 2 players
Game mode
Random Map
Map size
Tiny (2 player)
Population
200
Speed
Normal
Resources
Standard
Victory
Conquest
Starting age
Dark Age
Ending age
Imperial Age
RankedLock teamsTeams togetherTeam positionsShared explorationLock speedFull tech treeHidden civsTurbo modeCheats
Victory
Defeat
🇨🇿 Poles · Czechia
936
+15
🇮🇳 Magyars · India
921
-15
Surgeon Of Death
3:00 Loom
9:43 Feudal Age
11:09 Man-at-Arms
16:49 Double-Bit Axe
17:07 Horse Collar
23:38 Bloodlines
23:36 Scale Barding Armor
26:53 Castle Age
cisi1982
7:13 Loom
9:34 Feudal Age
12:41 Double-Bit Axe
18:04 Horse Collar
18:56 Bloodlines
20:27 Gold Mining
22:59 Castle Age
21:45 Forging
23:06 Wheelbarrow
22:59 Light Cavalry
Connection lost

Rejoining the realm…

Still unreachable

The connection could not be restored.

Session expired

The server has moved on; the page needs a fresh start.